 Dungeon Crawl Stone Soup version 0.31-a0-836-g3ceb0a68c4 (webtiles) character file.

Game seed: 5207104190977496665

2211 freelancePsychic the Destroyer (level 9, -9/39 (55) HPs)
             Began as a Gargoyle Reaver on Sept 26, 2023.
             Was a Follower of Vehumet.
             Mangled by an ogre
             ... wielding a +0 giant spiked club
              (27 damage)
             ... on level 7 of the Dungeon.
             The game lasted 00:12:19 (6867 turns).

freelancePsychic the Destroyer (Gargoyle Reaver)    Turns: 6867, Time: 00:12:21

HP:   -9/39 (55)    AC: 11    Str: 16    XL:     9   Next: 35%
MP:   14/15         EV: 11    Int: 18    God:    Vehumet [*.....]
Gold: 363           SH:  0    Dex:  8    Spells: 5/16 levels left

rFire   . . .        c - +1 trident
rCold   . . .        (no shield)
rNeg    + . .        b - +1 leather armour
rPois   ∞            (no helmet)
rElec   +            (no cloak)
rCorr   .            (no gloves)
SInv    .            a - +0 pair of boots
Will    .....        (no amulet)
Stlth   ++           (no ring)
HPRegen 0.26/turn    (no ring)
MPRegen 0.14/turn

%: no passive effects
@: very heavily drained
A: sickness immunity, AC +6, negative energy resistance 1, electricity
resistance, torment resistance 1, petrification resistance
a: Renounce Religion


You were on level 7 of the Dungeon.
You worshipped Vehumet.
Vehumet was aware of your devotion.
You visited 2 branches of the dungeon, and saw 8 of its levels.

You collected 363 gold pieces.

Inventory:

Hand Weapons
 c - a +1 trident (weapon)
Armour
 a - a +0 pair of boots (worn)
 b - a +1 leather armour (worn)
Magical Staves
 j - a staff of fire
Jewellery
 d - a +4 ring of protection
 f - a +4 ring of protection
Wands
 n - a wand of polymorph (1)
Scrolls
 h - a scroll of torment
 k - 3 scrolls of identify {@r1}
Potions
 e - a potion of attraction
 g - a potion of ambrosia {unknown}
 i - 3 potions of heal wounds {@q2}
 l - a potion of invisibility {unknown}
 m - a potion of resistance {unknown}


   Skills:
 + Level 5.9 Fighting
 - Level 2.6 Polearms
 - Level 1.5 Dodging
 - Level 3.2 Stealth
 + Level 4.2 Spellcasting
 * Level 8.0 Conjurations
 - Level 2.0 Translocations
 + Level 3.6 Transmutations
 - Level 2.3 Earth Magic
 + Level 3.8 Poison Magic


You had 5 spell levels left.
You knew the following spells:

 Your Spells              Type           Power      Damage    Failure   Level
a - Kiss of Death         Conj/Necr      72%        2d10      3%          1
b - Momentum Strike       Conj/Tloc      42%        3d9       3%          2
c - Passwall              Tmut/Erth      11%        N/A       8%          2
d - Iskenderun's Battles  Conj           32%        2d8       19%         5
e - Shock                 Conj/Air       72%        1d7       3%          1

Your spell library contained the following spells:

 Spells                   Type           Power      Damage    Failure   Level
 Sting                    Tmut/Pois      68%        1d6       3%          1
 Wereblood                Tmut           16%        N/A       6%          2
 Hailstorm                Conj/Ice       18%        3d6       10%         3
 Slow                     Hex            12%        N/A       19%         1
 Brom's Barrelling Bould  Conj/Erth      22%        2d4       21%         4
 Confusing Touch          Hex            3%         N/A       47%         3
 Sigil of Binding         Hex            3%         N/A       47%         3
 Vampiric Draining        Necr           3%         2d6       47%         3
 Fireball                 Conj/Fire      9%         3d6       67%         5
 Alistair's Intoxication  Tmut/Pois      11%        N/A       71%         5
 Dispel Undead            Necr           3%         3d7       87%         4
 Silence                  Hex/Air        1%         N/A       99%         5
 Conjure Ball Lightning   Conj/Air       9%         3x3d6     99%         6
 Eringya's Noxious Bog    Tmut/Pois      8%         4d6       99%         6
 Orb of Destruction       Conj           16%        9d7       99%         7
 Discord                  Hex            1%         N/A       100%        8
 Disjunction              Tloc           5%         N/A       100%        8
 Death's Door             Necr           1%         N/A       100%        9


Dungeon Overview and Level Annotations

Branches:
Dungeon (7/15)             Temple (1/1) D:4

Altars:
Ashenzari
Cheibriados
Dithmenos
Fedhas
Gozag
Hepliaklqana
Kikubaaqudgha
Nemelex Xobeh
Okawaru
Qazlal
Ru
Sif Muna
Trog
Uskayaw
Vehumet
Wu Jian
Xom
Yredelemnul
Zin
The Shining One

Shops:
D:3 [   D:7 [

Annotations:
D:3 Robin
D:4 exclusion: black bear
D:6 exclusion: oklob plant


Innate Abilities, Weirdness & Mutations

You are immune to sickness and miasma.
Your stone body is resilient. (AC +6)
You are immune to poison.
You resist negative energy. (rN+)
You are resistant to electric shocks. (rElec)
You are resistant to unholy torment.
You are immune to petrification.


Message History

Press: ? - help, Dir - move target, f - ogre
Aim: an ogre, wielding a +0 giant spiked club (86% to hit)
The concentrated momentum hits the ogre!
The ogre is heavily wounded.
You are unable to move.
The scorpion closely misses you.
You hit the ogre.
The ogre is severely wounded.
The ogre closely misses you. The scorpion completely misses you.
You barely miss the ogre.
The ogre is severely wounded.
The scorpion stings you but does no damage.
The ogre barely misses you. The scorpion barely misses you.
You barely miss the ogre.
The ogre is severely wounded.
The scorpion stings you but does no damage.
The ogre completely misses you.
You hit the ogre.
The ogre is almost dead.
The scorpion stings you but does no damage.
The ogre barely misses you.
The scorpion stings you but does no damage.
You hit the ogre.
The ogre is almost dead.
The scorpion completely misses you.
You completely miss the ogre.
The ogre is almost dead.
You are no longer robbed of momentum.
The ogre barely misses you.
The scorpion stings you but does no damage.
You hit the ogre.
The ogre is almost dead.
The scorpion stings you but does no damage.
The ogre hits you with a +0 giant spiked club!
The scorpion stings you.
You closely miss the ogre.
The ogre is almost dead.
The scorpion stings you but does no damage.
The ogre hits you with a +0 giant spiked club!!
Ouch! That really hurt!
You die...

#....## #........?..##
##>....# #...........#
#......## #...........#
#.......# ##...........#
#.......## #...........#
#........# ##...........#
#........####...†.......##
#..........#Os#.........#
#...........@###......###
##..........## ########
##...........#
###............#
##............#.#
...........####..
........#### ##.#
........## .# .........###
.##


You could see an ogre and a scorpion.

Vanquished Creatures
  Grinder (D:5)
  A steam dragon (D:7)
  A water moccasin (D:6)
  2 sky beasts (D:6)
  A tengu (D:7)
  An ice beast (D:7)
  4 ogres
  A phantom (D:6)
  3 scorpions
  4 wights
  2 killer bees (D:7)
  A jelly (D:6)
  An orc priest (D:6)
  2 hounds
  An iguana (D:6)
  A sleepcap (D:5)
  Natasha (D:3)
  6 orc wizards
  6 adders
  4 gnolls (D:6)
  2 white imps
  2 worms
  9 orcs
  6 bats
  2 endoplasms
  4 giant cockroaches
  3 goblins (D:1)
  5 hobgoblins
  3 jackals (D:1)
  5 kobolds
  4 quokkas
  10 ball pythons
  5 frilled lizards
  20 rats
  A spectral orc (D:5)
  A butterfly (D:4)
126 creatures vanquished.

Notes
Turn   | Place    | Note
-------+----------+-------------------------------------------
     0 | D:1      | freelancePsychic the Gargoyle Reaver began the quest for
                  | the Orb.
     0 | D:1      | Reached XP level 1. HP: 12/12 MP: 3/3
   108 | D:1      | Reached XP level 2. HP: 14/17 MP: 5/5
   216 | D:1      | Reached skill level 1 in Stealth
   370 | D:1      | Reached XP level 3. HP: 20/21 MP: 6/6
   372 | D:1      | Reached skill level 4 in Conjurations
   372 | D:1      | Reached skill level 1 in Translocations
   530 | D:1      | Learned a level 2 spell: Momentum Strike
   930 | D:2      | Reached XP level 4. HP: 21/26 MP: 7/7
  1089 | D:2      | You fall into a shaft and drop 1 floor!
  1517 | D:3      | Noticed Natasha
  1530 | D:3      | Killed Natasha
  1648 | D:3      | Reached skill level 5 in Conjurations
  1648 | D:3      | Reached XP level 5. HP: 13/30 MP: 3/8
  1736 | D:3      | Found a hazy altar of Hepliaklqana.
  1749 | D:3      | Found Zurr's Antique Armour Shoppe.
  1959 | D:3      | Noticed Robin
  2013 | D:4      | Reached XP level 6. HP: 36/36 MP: 6/9
  2146 | D:4      | Got a thrumming book
  2241 | D:4      | Noticed a black bear
  2424 | D:4      | Found a staircase to the Ecumenical Temple.
  2581 | Temple   | Entered the Ecumenical Temple
  2612 | Temple   | Became a worshipper of Vehumet
  2727 | D:4      | Found a glowing silver altar of Zin.
  2919 | D:4      | Learned a level 2 spell: Passwall
  2953 | D:5      | Entered Level 5 of the Dungeon
  3020 | D:5      | Reached skill level 1 in Earth Magic
  3076 | D:5      | Reached skill level 1 in Transmutations
  3224 | D:5      | Found a basalt altar of Yredelemnul.
  3284 | D:5      | Reached XP level 7. HP: 31/42 MP: 8/10
  3390 | D:5      | Got a disorganized book
  3601 | D:5      | Found a glowing golden altar of the Shining One.
  3772 | D:5      | Found a snail-covered altar of Cheibriados.
  3818 | D:5      | Noticed Grinder
  3830 | D:5      | Killed Grinder
  3831 | D:5      | Reached skill level 1 in Poison Magic
  4415 | D:4      | Identified a scroll of acquirement
  4419 | D:4      | Acquired a book of the Spheres
  4494 | D:6      | Reached XP level 8. HP: 23/48 MP: 10/12
  4593 | D:6      | Reached skill level 6 in Conjurations
  4994 | D:5      | Reached skill level 5 in Fighting
  5080 | D:6      | Reached * piety under Vehumet
  5080 | D:6      | Offered knowledge of Shock by Vehumet.
  5229 | D:6      | Learned a level 5 spell: Iskenderun's Battlesphere
  5231 | D:6      | Learned a level 1 spell: Shock
  5327 | D:5      | Reached skill level 7 in Conjurations
  5641 | D:6      | Found a blossoming altar of Fedhas.
  5662 | D:6      | Noticed an oklob plant
  5836 | D:6      | Found a stormy altar of Qazlal.
  5855 | D:6      | Reached XP level 9. HP: 41/54 MP: 6/14
  6199 | D:7      | Found Otom's Antique Armour Emporium.
  6545 | D:7      | Found a bloodstained altar of Trog.
  6786 | D:7      | Found an iron altar of Okawaru.
  6849 | D:7      | Reached skill level 8 in Conjurations
  6867 | D:7      | Mangled by an ogre

Illustrated notes

Levels and vault maps discovered:
D:1:      ncdulo_lavacross, layout_basic
D:2:      layout_basic, minmay_rat_hole
D:3:      layout_basic, mainiacjoe_overflow_swirl, serial_shops, shop_statue,
          grunt_decor_clamped, chequers_big_river, uniq_natasha, uniq_robin
D:4:      layout_basic, zin_treasury, minmay_temple_entry_butterflies
D:5:      layout_gridville, mainiacjoe_overflow_alcove_1, tso_altar,
          yredelemnul_forgotten_temple_becter, uniq_grinder
D:6:      layout_basic, tgw_fedhas, lemuel_round_altar, serial_bayou_crossing
D:7:      layout_cave_pods, mainiacjoe_overflow_alcove_2, lemuel_round_altar,
          serial_shops, shop
Temple:   grunt_temple_mini_profane

Skill      XL: |  1  2  3  4  5  6  7  8  9 |
---------------+----------------------------+-----
Stealth        | 1 2 3 |  3.2
Conjurations   | 4 5 7 8 |  8.0
Translocations | 1 2 |  2.0
Fighting       | 3 4 5 |  5.9
Earth Magic    | 2 |  2.3
Transmutations | 1 2 3 |  3.6
Poison Magic   | 2 3 |  3.8
Spellcasting   | 3 4 |  4.2
Polearms       | |  2.6
Dodging        | |  1.5

Action                     |  1- 3 |  4- 6 |  7- 9 || total
---------------------------+-------+-------+-------++-------
  Melee: Spear             |    52 |       |       ||    52
         Trident           |    85 |   152 |   164 ||   401
         Punch             |       |     3 |     1 ||     4
   Cast: Momentum Strike   |     4 |    14 |    38 ||    56
         Kiss of Death     |       |     1 |     6 ||     7
  Evoke: Wand              |       |       |    10 ||    10
    Use: Scroll            |     3 |     2 |     7 ||    12
         Potion            |       |     1 |       ||     1
   Stab: Sleeping          |     1 |     2 |       ||     3
         Paralysed         |       |       |     8 ||     8
 Armour: Leather armour    |    63 |   102 |   177 ||   342
  Dodge: Dodged            |    84 |    78 |   109 ||   271

Table legend: (Time is in decaauts)
 A = Elapsed time spent in this place.
 B = Non-inter-level travel time spent in this place.
 C = Inter-level travel time spent in this place.
 D = Time resting spent in this place.
 E = Time spent auto-exploring this place.
 F = Levels seen in this place.
 G = Mean time per level.
                   A        B        C        D        E       F      G
               +--------+--------+--------+--------+--------+-----+--------+
         Total |   6955 |   6513 |    442 |    198 |   5148 |   8 |  869.4 |
       Dungeon |   6900 |   6482 |    418 |    198 |   5148 |   7 |  985.7 |
        Temple |     55 |     32 |     23 |      0 |      0 |   1 |   55.0 |
               +--------+--------+--------+--------+--------+-----+--------+

Top non-repeatable levels by time:
     D:5: 1641 daAuts
     D:6: 1554 daAuts
     D:4: 1035 daAuts
     D:1: 789 daAuts
     D:2: 677 daAuts
     D:7: 674 daAuts
     D:3: 527 daAuts
  Temple: 55 daAuts
